 Dungeon Crawl Stone Soup version 0.31-a0-164-g2312942fda (webtiles) character file.

Game seed: 5025670691949871000

39 qw the Shooter (level 3, 0/32 HPs)
             Began as a Naga Hunter on June 13, 2023.
             Succumbed to an adder's poison
             ... on level 2 of the Dungeon.
             The game lasted 00:00:18 (688 turns).

qw the Shooter (Naga Hunter)                         Turns: 688, Time: 00:00:18

Health: 0/32       AC:  3    Str: 13    XL:     3   Next: 47%
Magic:  3/3        EV:  9    Int:  9    God:
Gold:   83         SH:  0    Dex: 16    Spells: 2/2 levels left

rFire   . . .        Y - +0 shortbow
rCold   . . .        (shield currently unavailable)
rNeg    . . .        c - +0 leather armour
rPois   +            (no helmet)
rElec   .            e - +0 cloak {rPois}
rCorr   .            (no gloves)
SInv    +            (no barding)
Will    .....        (no amulet)
Stlth   ++           (no ring)
HPRegen 0.25/turn    (no ring)
MPRegen 0.08/turn

%: no passive effects
@: lethally poisoned (0 -> -3), short of breath, very slow
A: AC +1, large, see invisible, deformed body, poison resistance, slowness 2,
spit poison 1, naga tail 1
a: Spit Poison


You were on level 2 of the Dungeon.
You visited 1 branch of the dungeon, and saw 2 of its levels.

You collected 83 gold pieces.


Innate Abilities, Weirdness & Mutations

Your serpentine skin is tough. (AC +1)
You have supernaturally acute eyesight. (SInv)
Armour fits poorly on your strangely shaped body.
Your system is resistant to poisons. (rPois)
You cover ground very slowly.
You can spit poison.
You have a snake-like lower body.


   Skills:
 - Level 2.0 Fighting
 + Level 4.7 Ranged Weapons
 - Level 1.5 Dodging
 - Level 1.5 Stealth


You had 2 spell levels left.
You didn't know any spells.
Your spell library was empty.

Inventory:

Hand Weapons
 Y - a +0 shortbow (weapon)
Armour
 c - a +0 leather armour (worn)
 e - a +0 cloak of poison resistance (worn)

Dungeon Overview and Level Annotations

Branches:
Dungeon (2/15)

Altars:


Message History

The adder bites you but does no damage. The endoplasm freezes you.
You are frozen.
The adder barely misses you. The endoplasm hits you.
680 ||| INVOKING Spit Poison.
Aiming: Spit Poison (2% risk of failure)
Press: ? - help, Shift-Dir - straight line, f/p - adder The splash of poison misses the adder.
The adder bites you but does no damage.
The endoplasm hits you but does no damage.
You shoot an arrow. The arrow hits the adder.
The adder is lightly wounded.
The adder bites you but does no damage. The endoplasm barely misses you.
The adder bites you but does no damage.
You shoot an arrow. The arrow closely misses the adder.
You have got your breath back.
The adder bites you.
You are poisoned.
The adder poisons you! The endoplasm hits you.
683 ||| INVOKING Spit Poison.
Aiming: Spit Poison (2% risk of failure)
Press: ? - help, Shift-Dir - straight line, f/p - adder The splash of poison hits the adder!
The adder is poisoned.
The adder is almost dead.
You feel sick. The adder bites you but does no damage. The endoplasm hits you.
The adder bites you.
You are lethally poisoned!
The adder poisons you!
You shoot an arrow. The arrow hits the adder!
You kill the adder!
You feel very sick.
The endoplasm hits you but does no damage.
You shoot an arrow. The arrow barely misses the endoplasm.
You feel sick. The endoplasm barely misses you.
You shoot an arrow. The arrow hits the endoplasm!
You kill the endoplasm!
You feel sick.
There is a lethal amount of poison in your body!
You feel sick.
There is a lethal amount of poison in your body!
You die...

#. #. .# #.## ..
##...# #. ...... #.#
#.?....
#.###..#.......
#.........%...# #@#
######.## #.)....(#
.....<...####### ##
...............####~#
##.........######~~~
#.......%######~~#
#.............#~~##
#......)####...~~~##


There were no monsters in sight!

Vanquished Creatures
  2 adders (D:2)
  4 bats
  2 endoplasms
  4 goblins
  A hobgoblin (D:2)
  2 ball pythons (D:1)
  2 frilled lizards
  2 kobolds (D:1)
  4 rats
23 creatures vanquished.

Notes
Turn   | Place    | Note
-------+----------+-------------------------------------------
     0 | D:1      | qw the Naga Hunter began the quest for the Orb.
     0 | D:1      | Reached XP level 1. HP: 19/19 MP: 1/1
     0 | D:1      | 0 ||| qw: Version: 0.2-a-29-gc1b59c4
     0 | D:1      | 0 ||| qw: Game counter: 4466
     0 | D:1      | 0 ||| qw: Always use a shield: true
     0 | D:1      | 0 ||| qw: God list: Okawaru
     0 | D:1      | 0 ||| qw: Allow faded altars: false
     0 | D:1      | 0 ||| qw: Do Orc after D:15 true
     0 | D:1      | 0 ||| qw: Do second Lair branch before Depths: true
     0 | D:1      | 0 ||| qw: Lair rune preference: random
     0 | D:1      | 0 ||| qw: Plans: Normal
     0 | D:1      | 0 ||| PLANNING D:1-11
    19 | D:1      | 19 ||| INVOKING Spit Poison.
    33 | D:1      | 33 ||| INVOKING Spit Poison.
   118 | D:1      | 118 ||| INVOKING Spit Poison.
   122 | D:1      | Reached skill level 4 in Ranged Weapons
   122 | D:1      | Reached XP level 2. HP: 26/26 MP: 2/2
   193 | D:1      | 193 ||| INVOKING Spit Poison.
   211 | D:1      | 211 ||| INVOKING Spit Poison.
   214 | D:1      | 214 ||| INVOKING Spit Poison.
   432 | D:1      | 432 ||| INVOKING Spit Poison.
   440 | D:1      | 440 ||| UPGRADING to +0 cloak of poison resistance.
   445 | D:1      | 445 ||| READING scroll labelled ERHAFRUEFI.
   446 | D:1      | 446 ||| READING scroll labelled SIOTZA POH YRCHOI.
   450 | D:1      | 450 ||| READING scroll labelled TIORHUN HUAWK.
   451 | D:1      | 451 ||| DROPPING scroll of butterflies.
   461 | D:2      | 461 ||| INVOKING Spit Poison.
   470 | D:2      | 470 ||| INVOKING Spit Poison.
   473 | D:2      | 473 ||| INVOKING Spit Poison.
   476 | D:2      | 476 ||| INVOKING Spit Poison.
   503 | D:2      | 503 ||| FLEEEEING.
   505 | D:2      | 505 ||| FLEEEEING.
   506 | D:2      | 506 ||| FLEEEEING.
   507 | D:2      | 507 ||| FLEEEEING.
   508 | D:2      | 508 ||| STAIRDANCE
   546 | D:2      | 546 ||| INVOKING Spit Poison.
   588 | D:2      | 588 ||| INVOKING Spit Poison.
   589 | D:2      | Reached XP level 3. HP: 32/32 MP: 3/3
   604 | D:2      | 604 ||| INVOKING Spit Poison.
   657 | D:2      | 657 ||| INVOKING Spit Poison.
   661 | D:2      | 661 ||| INVOKING Spit Poison.
   674 | D:2      | 674 ||| INVOKING Spit Poison.
   680 | D:2      | 680 ||| INVOKING Spit Poison.
   683 | D:2      | 683 ||| INVOKING Spit Poison.
   683 | D:2      | HP: 8/32 [adder (4)]
   685 | D:2      | HP: 3/32 [poisoned by an adder]
   687 | D:2      | HP: 1/32 [poisoned by an adder]
   688 | D:2      | Succumbed to an adder's poison

Levels and vault maps discovered:
D:1:      zelgadis_glass_arrival_small, layout_basic, columned_hall_lemuel
D:2:      layout_loops_ring, serial_rivers, chequers_serial_rivers_micro_a,
          chequers_serial_rivers_micro_a, chequers_serial_rivers_micro_b,
          chequers_serial_rivers_micro_b, chequers_serial_rivers_small_b,
          chequers_serial_rivers_small_3, uniq_crazy_yiuf_cottage

Skill      XL: |  1 |
---------------+----+-----
Ranged Weapons | 4 |  4.7
Fighting       | |  2.0
Dodging        | |  1.5
Stealth        | |  1.5

Action                     || total
---------------------------++-------
   Fire: Shortbow          ||    42
Ability: Spit Poison       ||    19
    Use: Scroll            ||     3
 Armour: Leather armour    ||    12
  Dodge: Dodged            ||    11

Table legend:
 A = Non-vault XP
 B = Vault XP
 C = Vault XP percentage of total XP
 D = Non-vault monster count
 E = Vault monster count
 F = Vault count percentage of total count
                 A         B        C        D         E       F
            +---------+---------+-------+---------+---------+-------
      Total |      57 |       0 |   0.0 |      23 |       0 |   0.0
            +---------+---------+-------+---------+---------+-------
        D:1 |      18 |       0 |   0.0 |      12 |       0 |   0.0
        D:2 |      39 |       0 |   0.0 |      11 |       0 |   0.0
            +---------+---------+-------+---------+---------+-------
